 Dungeon Sprint DCSS version 0.17-a0-2064-g265a032 (webtiles) character file.

5 Kidiri the Shield-Bearer (level 1, -6/20 HPs)
             Began as a Minotaur Fighter on Oct 12, 2015.
             Was an Initiate of Okawaru.
             Mangled by a snapping turtle (15 damage)
             ... in the Dungeon (Sprint VII: "The Pits").
             The game lasted 00:00:47 (149 turns).

Kidiri the Shield-Bearer (Minotaur Fighter)          Turns: 149, Time: 00:00:47

Health: -6/20      AC:  7    Str: 20    XL:     1   Next: 66%
Magic:  0/0        EV:  8    Int:  5    God:    Okawaru [......]
Gold:   0          SH:  9    Dex:  9    Spells: 0 memorised, 0 levels left

rFire  . . .     SeeInvis .     a - +2 mace
rCold  . . .     Clarity  .     b - +0 scale mail
rNeg   . . .     SustAt   .     c - +0 shield
rPois  .         Gourm    .     (helmet restricted)
rElec  .         Spirit   .     (no cloak)
rCorr  .         Warding  .     (no gloves)
rMut   .         NoTele   +     (no boots)
MR     .....                    (no amulet)
Stlth  ..........               (no ring)
                                (no ring)

@: not resistant to hostile enchantments, extremely unstealthy
A: retaliatory headbutt, horns 2
a: Renounce Religion


You were in the Dungeon.
You worshipped Okawaru.
Okawaru was noncommittal.
You were not hungry.

You visited 1 branch

Inventory:

Hand Weapons
 a - a +2 mace (weapon)
Armour
 b - a +0 scale mail (worn)
 c - a +0 shield (worn)
Scrolls
 k - a scroll of blinking
 o - 3 scrolls of remove curse
 p - 5 scrolls of amnesia
 q - a scroll of summoning
Potions
 d - a potion of might
 f - a potion of curing
 h - a potion of haste
 i - 4 potions of magic
 j - 3 potions of berserk rage
 n - 2 potions of invisibility
Comestibles
 e - 8 bread rations
 l - 40 fruits
 m - 7 meat rations


   Skills:
 + Level 3.7 Fighting
 * Level 3.0 Maces & Flails
 * Level 4.1 Armour
 * Level 1.4 Dodging
 * Level 4.2 Shields
 + Level 0.0 Invocations


You couldn't memorise any spells.
You didn't know any spells.

Dungeon Overview and Level Annotations

Branches:
Dungeon (1/1)

Altars:
Ashenzari
Cheibriados
Dithmenos
Elyvilon
Fedhas
Gozag
Kikubaaqudgha
Makhleb
Nemelex Xobeh
Okawaru
Qazlal
Ru
Sif Muna
Trog
Vehumet
Xom
Yredelemnul
Zin
The Shining One
Beogh
Jiyva
Lugonu


Innate Abilities, Weirdness & Mutations

You reflexively headbutt those who attack you in melee.
You have a pair of horns on your head.


Message History

You destroy the bat skeleton!
Okawaru accepts your kill.
Your Maces & Flails skill increases to level 3!
The snapping turtle bites you from afar!
Ouch! That really hurt!
* * * LOW HITPOINT WARNING * * *
Drink which item? (? for menu, Esc to quit)
You feel much better. The snapping turtle barely misses you.
Use which ability?
Okay, then.
The snapping turtle bites you!
You hit the snapping turtle.
You headbutt the snapping turtle, but do no damage.
The snapping turtle is lightly wounded.
The snapping turtle bites you.
You hit the snapping turtle but do no damage.
The snapping turtle is lightly wounded.
The snapping turtle bites you!
Ouch! That really hurt!
You die...

__# __#
#############++######
..##................#
?(##......#..#......#
####................+
...+................+
####......#..#......#
#...........t@...#
####+#####''######
#.......##''#
#.......##...
#.......##...
#...<...##..t.
#.......##...#
#.......##..##
#.......#


You could see a snapping turtle.

Vanquished Creatures
  An ooze (D)
  A bat skeleton (D)
2 creatures vanquished.

Notes
Turn   | Place    | Note
--------------------------------------------------------------
     0 | D        | Kidiri the Minotaur Fighter began the quest for the Orb.
     0 | D        | Reached XP level 1. HP: 19/19 MP: 0/0
    16 | D        | Reached skill level 4 in Armour
    16 | D        | Reached skill level 1 in Dodging
    50 | D        | Found a sacrificial altar of Ru.
    50 | D        | Found a basalt altar of Yredelemnul.
    50 | D        | Found a shadowy altar of Dithmenos.
    50 | D        | Found a deep blue altar of Sif Muna.
    50 | D        | Found a burning altar of Makhleb.
    50 | D        | Found a shimmering altar of Xom.
    50 | D        | Found an ancient bone altar of Kikubaaqudgha.
    50 | D        | Found a sparkling altar of Nemelex Xobeh.
    51 | D        | Found a glowing golden altar of the Shining One.
    51 | D        | Found a bloodstained altar of Trog.
    51 | D        | Found a shattered altar of Ashenzari.
    51 | D        | Found a white marble altar of Elyvilon.
    51 | D        | Found a snail-covered altar of Cheibriados.
    51 | D        | Found a blossoming altar of Fedhas.
    51 | D        | Found a radiant altar of Vehumet.
    51 | D        | Found a glowing silver altar of Zin.
    51 | D        | Found a corrupted altar of Lugonu.
    51 | D        | Found a viscous altar of Jiyva.
    51 | D        | Found a roughly hewn altar of Beogh.
    51 | D        | Found an iron altar of Okawaru.
    57 | D        | Found a stormy altar of Qazlal.
    58 | D        | Found an opulent altar of Gozag.
    60 | D        | Became a worshipper of Warmaster Okawaru
   138 | D        | Noticed a snapping turtle
   149 | D        | Mangled by a snapping turtle

Vault maps used:
D:        pitsprint

Action                   || total
-------------------------++-------
Melee: Mace              ||     6
       Flail             ||     3
  Use: Potion            ||     1
